 Dungeon Crawl Stone Soup version 0.29.1-2-gbd0b4ee654 (webtiles) character file.

Game seed: 8330197075154410672

170 Goreval the Magician (level 5, -3/35 HPs)
             Began as a Djinni Fire Elementalist on Nov 21, 2022.
             Slain by a gnoll
             ... wielding a +0 flail
             ... led by a gnoll bouda
              (8 damage)
             ... on level 4 of the Dungeon.
             The game lasted 00:05:58 (3829 turns).

Goreval the Magician (Djinni Fire Elementalist)     Turns: 3829, Time: 00:05:58

Health: -3/35      AC:  2    Str:  7    XL:     5   Next: 80%
Gold:   129        EV: 13    Int: 19    God:
                   SH:  0    Dex: 13

rFire   + + .      SeeInvis .   (no weapon)
rCold   x . .      Faith    .   (no shield)
rNeg    . . .      Spirit   .   a - +0 robe
rPois   ∞          Reflect  .   (no helmet)
rElec   .          Harm     .   (no cloak)
rCorr   .          Rampage  .   (no gloves)
Will    .....                   (boots unavailable)
Stlth   ++........              (no amulet)
HPRegen 0.11/turn               (no ring)
MPRegen 0.00/turn               (no ring)

@: flying
A: sickness immunity, fire resistance 2, cold vulnerability 1, float, innate
caster, HP casting, extra vitality 1
a: no special abilities


You were on level 4 of the Dungeon.
You visited 1 branch of the dungeon, and saw 4 of its levels.

You collected 129 gold pieces.

Inventory:

Hand Weapons
 u - the +8 scimitar "Pimmyemn" {flame, Int+3 Stlth+}
   (You found it on level 4 of the Dungeon)

   It burns those it strikes, dealing additional fire damage.
   Big, fiery blades are also staple armaments of hydra-hunters.
   Int:       It affects your intelligence (+3).
   Stlth:     It makes you more stealthy.
Missiles
 b - 23 stones (quivered)
Armour
 a - a +0 robe (worn)
 n - a +2 helmet
 t - a +0 cloak of poison resistance
Magical Staves
 e - a staff of death
Scrolls
 f - a scroll of amnesia {unknown}
 g - 3 scrolls of identify {unknown}
 h - a scroll of teleportation {unknown}
 i - a scroll of fear {unknown}
 j - a scroll of summoning {unknown}
 k - a scroll of butterflies {unknown}
 m - a scroll of blinking {unknown}
 o - 2 scrolls of noise {unknown}
 q - a scroll of enchant weapon {unknown}
 v - a scroll of torment {unknown}
Potions
 c - a potion of heal wounds {unknown}
 d - a potion of lignification {unknown}
 l - a potion of curing {unknown}
 p - a potion of berserk rage {unknown}
 r - a potion of degeneration {unknown}
 s - 2 potions of brilliance {unknown}


   Skills:
 + Level 3.5 Dodging
 + Level 2.8 Stealth
 * Level 3.7 Spellcasting


You couldn't memorise any spells.
You knew the following spells:

 Your Spells              Type           Power      Damage    Failure   Level
a - Foxfire               Conj/Fire      68%        2x1d7     3%          1
b - Scorch                Fire           34%        2d7       4%          2
c - Conjure Flame         Conj/Fire      17%        6-21      10%         3
d - Inner Flame           Hex/Fire       17%        N/A       10%         3
e - Flame Wave            Conj/Fire      17%        2d7       30%         4
f - Magic Dart            Conj           68%        1d6       3%          1
g - Static Discharge      Conj/Air       17%        3-6/arc   4%          2
Your spell library was empty.

Dungeon Overview and Level Annotations

Branches:
Dungeon (4/15)
 Temple: D:4-7

Altars:


Innate Abilities, Weirdness & Mutations

You are immune to sickness and miasma.
You are immune to poison.
Your flesh is very heat resistant. (rF++)
You are vulnerable to cold. (rC-)
You float through the air rather than walking.
You learn spells naturally, not from books.
Your magical power is your life essence.
You have superior vitality. (+4 MHP)


Message History

The gnoll misses you.
Your magical contamination has completely faded away.
You conjure some foxfire!
The foxfire hits the gnoll bouda.
The foxfire hits the gnoll.
The gnoll barely misses you.
The gnoll bouda calls upon its god to heal the gnoll.
The gnoll is healed somewhat.
You conjure some foxfire!
The foxfire hits the gnoll.
The foxfire hits the gnoll!
The gnoll hits you with a +0 club!
The foxfire hits the gnoll bouda but does no damage.
The gnoll attacks as you move away! The gnoll hits you with a +0 club.
The foxfire hits the gnoll.
You kill the gnoll!
Flames lash the gnoll.
The gnoll's fire resistance burns away.
The gnoll closely misses you.
Okay, then.
The gnoll bouda is struck by an arc of lightning.
You are struck by an arc of lightning.
The gnoll bouda is struck by an arc of lightning.
The lightning grounds out.
The gnoll bouda misses you.
The gnoll hits you from afar with a +0 spear.
The gnoll closely misses you.
The gnoll bouda is struck by an arc of lightning.
You kill the gnoll bouda!
The gnoll is struck by an arc of lightning.
The gnoll is struck by an arc of lightning!
You kill the gnoll!
The lightning grounds out.
The gnoll barely misses you.
The gnoll is struck by an arc of lightning.
The gnoll is struck by an arc of lightning!
The lightning grounds out.
* * * LOW HITPOINT WARNING * * *
The gnoll closely misses you. The gnoll misses you.
The gnoll is struck by an arc of lightning. x3
You kill the gnoll!
You are struck by an arc of lightning.
* * * LOW HITPOINT WARNING * * *
The lightning grounds out.
* * * LOW HITPOINT WARNING * * *
The gnoll barely misses you. The gnoll hits you with a +0 flail!
You die...

#..........#.....
##....##...#..###
#######.....##...#..##.
##.....#..........#.....
#................##..##.
#......##....##..###'##.
##.....##....##......###
#...)..##.....#...†<.##
#....)@.......#.......#
##..gg........#.......#
........#####+##.......#
.........# #..##..##
..##.....# .... #..# ##
#.....# .... ....
#.....# ###. ##...
#....^# #..#


You could see 2 gnolls.

Vanquished Creatures
  Crazy Yiuf (D:3)
  A gnoll bouda (D:4)
  3 gnolls (D:4)
  3 adders
  A worm (D:2)
  4 orcs
  7 ball pythons
  5 endoplasms
  3 giant cockroaches
  8 hobgoblins
  4 jackals (D:3)
  2 quokkas
  5 bats
  4 frilled lizards
  2 goblins
  2 kobolds
  5 rats
60 creatures vanquished.

Vanquished Creatures (collateral kills)
  5 foxfires (D:1)
5 creatures vanquished.

Vanquished Creatures (others)
  139 foxfires
  A fungus (D:3)
140 creatures vanquished.

Grand Total: 205 creatures vanquished

Notes
Turn   | Place    | Note
-------+----------+-------------------------------------------
     0 | D:1      | Goreval the Djinni Fire Elementalist began the quest for
                  | the Orb.
     0 | D:1      | Goreval set off with the following spells memorised:
                  | Foxfire, Scorch, Conjure Flame, Inner Flame, Flame Wave.
     0 | D:1      | Reached XP level 1. HP: 15/15 MP: 0/0
   582 | D:1      | Reached XP level 2. HP: 19/21 MP: 0/0
   617 | D:1      | Found a faded altar of an unknown god.
  1365 | D:2      | Reached XP level 3. HP: 22/25 MP: 0/0
  1365 | D:2      | Learned a level 1 spell: Magic Dart
  1844 | D:2      | Reached XP level 4. HP: 26/31 MP: 0/0
  3586 | D:3      | Found a runed translucent door.
  3587 | D:3      | Noticed Crazy Yiuf
  3596 | D:3      | Killed Crazy Yiuf
  3597 | D:3      | Reached XP level 5. HP: 26/35 MP: 0/0
  3597 | D:3      | Learned a level 2 spell: Static Discharge
  3748 | D:4      | Identified the +8 scimitar "Pimmyemn" {flame, Int+3 Stlth+}
  3829 | D:4      | Slain by a gnoll

Illustrated notes

Levels and vault maps discovered:
D:1:      dpeg_arrival_rooms_b, layout_rooms, hellmonk_ecumenical_altar_blasted,
          serial_forest, infiniplex_forest_lined_2,
          infiniplex_forest_straight_3, infiniplex_forest_clump_double,
          infiniplex_forest_lined_1, infiniplex_forest_side_room,
          infiniplex_forest_clump_diagonal, infiniplex_forest_corner_2,
          infiniplex_forest_zigzag_1, infiniplex_forest_side_room, minivault_24
D:2:      layout_loops_ring
D:3:      layout_basic, uniq_crazy_yiuf_cottage
D:4:      layout_gridville, nicolae_uskayaw_murder_on_the_dancefloor,
          st_stairs_3, mrwooster_statue_mirror, minmay_crystal_room,
          minmay_misc_feat_roman

Skill      XL: |  1  2  3  4 |
---------------+-------------+-----
Stealth        | 2 |  2.8
Spellcasting   | 3 |  3.7
Dodging        | 3 |  3.5

Action                   |  1- 3 |  4- 6 || total
-------------------------+-------+-------++-------
Melee: Unarmed           |       |     4 ||     4
 Cast: Foxfire           |    38 |    56 ||    94
       Scorch            |    18 |    21 ||    39
       Static Discharge  |       |     4 ||     4
Armor: Robe              |     1 |       ||     1
Dodge: Dodged            |     8 |    19 ||    27
